 Dungeon Crawl Stone Soup version 0.25-a0-56-g68f8618 (webtiles) character file.

Game seed: 12124991117606806206, levelgen mode: deterministic

5217 BoppinsLewinski the Spear-Bearer (level 10, -4/84 HPs)
             Began as a Human Gladiator on Oct 25, 2019.
             Was a Believer of Wu Jian.
             Slain by a crocodile (10 damage)
             ... on level 1 of the Lair of Beasts.
             The game lasted 00:27:28 (12221 turns).

BoppinsLewinski the Spear-Bearer (Human Gladiator) Turns: 12221, Time: 00:27:28

Health: -4/84      AC: 15    Str: 18    XL:     10   Next: 92%
Magic:  13/13      EV: 11    Int:  8    God:    Wu Jian [**....]
Gold:   426        SH:  0    Dex: 15    Spells: 9/9 levels left

rFire    . . .     SeeInvis .   a - +0 trident
rCold    . . .     Gourm    .   (no shield)
rNeg     . . .     Faith    .   g - +0 chain mail
rPois    .         Spirit   .   s - +1 helmet
rElec    .         Reflect  .   A - +0 cloak
rCorr    .         Harm     .   o - +0 pair of gloves
MR       .....                  (no boots)
Stlth    ..........             x - amulet of the acrobat
HPRegen  0.24/turn              (no ring)
MPRegen  0.13/turn              (no ring)

@: no status effects
A: blurry vision 1, robust 1
a: Wall Jump, Renounce Religion


You were on level 1 of the Lair of Beasts.
You worshipped Wu Jian.
Wu Jian was pleased with you.
You were very hungry.

You visited 3 branches of the dungeon, and saw 11 of its levels.

You collected 426 gold pieces.

Inventory:

Hand Weapons
 a - a +0 trident (weapon)
Armour
 g - a +0 chain mail (worn)
 o - a +0 pair of gloves (worn)
 s - a +1 helmet (worn)
 A - a +0 cloak (worn)
Jewellery
 i - an uncursed amulet of guardian spirit {unknown}
 n - an uncursed ring of fire
 x - an amulet of the acrobat (around neck)
Wands
 b - a wand of iceblast (6)
 h - a wand of scattershot (2)
 u - a wand of polymorph (8)
 z - a wand of disintegration (6)
Scrolls
 e - 2 scrolls of teleportation
 j - 4 scrolls of enchant armour
 k - 3 scrolls of blinking {unknown}
 l - a scroll of magic mapping
 m - 3 scrolls of amnesia {unknown}
 p - 2 scrolls of enchant weapon {unknown}
 q - 5 scrolls of remove curse
 v - a scroll of random uselessness {unknown}
 y - 3 scrolls of identify
 B - a scroll of immolation {unknown}
Potions
 d - a potion of flight
 r - a potion of might
 t - a potion of brilliance
Comestibles
 f - 16 rations


   Skills:
 + Level 6.8 Fighting
 * Level 9.8 Polearms
 - Level 2.0 Throwing
 + Level 6.3 Armour
 + Level 7.2 Dodging
 + Level 4.6 Evocations


You had 9 spell levels left.
You didn't know any spells.
Your spell library contained the following spells:

 Spells                   Type           Power        Failure   Level  Hunger
 Infusion                 Chrm           #...         99%         1    ##.....
 Shroud of Golubria       Chrm/Tloc      #.....       100%        2    ###....
 Song of Slaying          Chrm           #.......     100%        2    ###....
 Regeneration             Chrm/Necr      #.........   100%        3    ####...
 Spectral Weapon          Hex/Chrm       #.......     100%        3    ####...


Dungeon Overview and Level Annotations

Branches:
Dungeon (9/15)             Temple (1/1) D:6            Lair (1/6) D:8
    Orc: D:9-12

Altars:
Dithmenos
Elyvilon
Fedhas
Gozag
Kikubaaqudgha
Makhleb
Okawaru
Qazlal
Ru
Uskayaw
Vehumet
Wu Jian
Xom
The Shining One

Annotations:
D:3 2 transporters, sangerfol's ghost, amateur OgFE


Innate Abilities, Weirdness & Mutations

Scrolls take you a little longer to read.
You are robust. (+10% HP)


Message History

A crocodile be nearby!
Ye be too injured ta fight recklessly!
Ye be too injured ta fight recklessly!
Ye feel sick.
Tha crocodile misses ye.
Ye feel sick.
Ye be nay longer poison'd.
Tha crocodile bites ye but does nay damage.
Tha crocodile completely misses ye.
Tha crocodile completely misses ye.
Tha crocodile completely misses ye.
Tha crocodile completely misses ye.
Tha crocodile completely misses ye.
Tha crocodile completely misses ye.
Tha crocodile barely misses ye.
Tha crocodile misses ye.
Ye puncture tha crocodile!
Tha crocodile be moderately wounded.
Tha crocodile bites ye!
Ye die...

.# ### ... .###
##..#.... ...##
####........ ....#
###........... #...###
#P............ .#...P#
###.............
##.#..###...............
###...#................
##......#.#+.@t####..
#......#.8.##†## ..
##......#....(#.#
##....##.......###
#.....#.........##
###...#.)..........##
#....##....#...##...##
.....#....#..8.......#
....##..####...####..#


You could see a crocodile.

Vanquished Creatures
  A manticore (D:8)
  A spiny frog (Lair:1)
  2 komodo dragons (Lair:1)
  A spriggan (D:8)
  2 hungry ghosts
  2 water moccasins
  4 porcupines
  3 sky beasts
  A black bear (D:6)
  An orc warrior (D:8)
  2 ogres
  A phantom (D:6)
  4 centaurs
  2 crocodiles
  7 bullfrogs
  2 scorpions
  A crimson imp (D:7)
  A bullfrog zombie (D:5)
  A centaur skeleton (D:8)
  5 orc priests
  A centaur zombie (D:7)
  4 hounds
  12 orc wizards
  Crazy Yiuf (D:7)
  Ijyb (D:3)
  3 iguanas
  7 worker ants
  11 adders
  An ooze (D:2)
  2 adder skeletons
  5 worms
  11 dart slugs
  6 leopard geckos
  32 orcs
  A giant cockroach (D:2)
  3 goblins
  5 hobgoblins
  7 jackals
  5 quokkas
  A ball python zombie (D:5)
  10 bats
  4 frilled lizards
  A jackal skeleton (D:4)
  8 kobolds
  A leopard gecko skeleton (D:7)
  11 rats
  A fungus (D:7)
199 creatures vanquished.

Vanquished Creatures (others)
  An orc wizard (D:5)
  An orc (D:3)
  13 fungi (D:8)
  7 plants
22 creatures vanquished.

Grand Total: 221 creatures vanquished

Notes
Turn   | Place    | Note
-------+----------+-------------------------------------------
     0 | D:1      | BoppinsLewinski the Human Gladiator began the quest for the
                  | Orb.
     0 | D:1      | Reached XP level 1. HP: 16/16 MP: 1/1
    69 | D:1      | You fall into a shaft and drop 1 floor!
    99 | D:2      | Reached XP level 2. HP: 22/22 MP: 2/2
   935 | D:1      | Reached XP level 3. HP: 24/27 MP: 3/3
  1079 | D:1      | Reached skill level 1 in Armour
  1265 | D:2      | Found a shadowy altar of Dithmenos.
  1374 | D:2      | Reached XP level 4. HP: 26/34 MP: 4/4
  1489 | D:2      | Found a faded altar of an unknown god.
  1631 | D:2      | You fall into a shaft and drop 1 floor!
  2144 | D:3      | Noticed Ijyb
  2164 | D:3      | Killed Ijyb
  2164 | D:3      | Reached skill level 4 in Polearms
  2164 | D:3      | Reached XP level 5. HP: 40/40 MP: 5/5
  2321 | D:3      | Found a glowing golden altar of the Shining One.
  2346 | D:3      | Found a transporter.
  2347 | D:3      | Identified the +4 trident "Giant's Demise" {venom, -Tele
                  | Int+8}
  2591 | D:3      | Found a stormy altar of Qazlal.
  2672 | D:3      | Found a transporter.
  2686 | D:3      | Noticed sangerfol's ghost (amateur OgFE)
  2922 | D:3      | Found a blossoming altar of Fedhas.
  3224 | D:4      | Reached XP level 6. HP: 35/47 MP: 6/6
  3723 | D:4      | Reached skill level 5 in Polearms
  3981 | D:4      | Reached XP level 7. HP: 52/52 MP: 7/7
  3989 | D:4      | You fall into a shaft and drop 3 floors!
  4286 | D:5      | Entered Level 5 of the Dungeon
  5023 | D:5      | Reached skill level 6 in Polearms
  5023 | D:5      | Reached XP level 8. HP: 33/60 MP: 8/8
  5757 | D:5      | Reached skill level 5 in Dodging
  6355 | D:5      | Identified the cursed +0 ring mail of Sivvicegh {Dex+3}
                  | (You found it on level 5 of the Dungeon)
  6400 | D:6      | Found a shadowy altar of Dithmenos.
  6572 | D:6      | Found a staircase to the Ecumenical Temple.
  6582 | Temple   | Entered the Ecumenical Temple
  6600 | Temple   | Became a worshipper of the Wu Jian Council
  6706 | D:6      | Reached skill level 7 in Polearms
  6776 | D:6      | Found an opulent altar of Gozag.
  6840 | D:6      | Reached skill level 5 in Fighting
  6927 | D:6      | Reached skill level 1 in Evocations
  6927 | D:6      | Reached XP level 9. HP: 39/68 MP: 9/9
  7531 | D:7      | Found a shimmering altar of Xom.
  8588 | D:7      | Reached skill level 8 in Polearms
  8789 | D:7      | Found a runed translucent door.
  8790 | D:7      | Noticed Crazy Yiuf
  8798 | D:7      | Killed Crazy Yiuf
  8842 | D:8      | Gained mutation: Scrolls take you a little longer to read.
                  | [potion of mutation]
  8842 | D:8      | Gained mutation: You are robust. (+10% HP) [potion of
                  | mutation]
  8872 | D:8      | Reached skill level 5 in Armour
  9144 | D:8      | Noticed a manticore
  9149 | D:8      | Killed a manticore
  9149 | D:8      | Reached * piety under Wu Jian
  9158 | D:8      | HP: 1/75 [barbs]
  9679 | D:8      | Reached XP level 10. HP: 67/83 MP: 12/12
 10229 | D:8      | Found a staircase to the Lair.
 10231 | D:8      | Reached skill level 9 in Polearms
 11391 | Lair:1   | Entered Level 1 of the Lair of Beasts
 11419 | Lair:1   | Reached ** piety under Wu Jian
 11424 | Lair:1   | Noticed a komodo dragon
 11432 | Lair:1   | Killed a komodo dragon
 11508 | Lair:1   | Noticed a spiny frog
 11534 | Lair:1   | Killed a spiny frog
 11554 | Lair:1   | HP: 4/84 [poisoned by a spiny frog]
 11559 | Lair:1   | HP: 2/84 [poisoned by a spiny frog]
 11564 | Lair:1   | HP: 1/84 [poisoned by a spiny frog]
 11571 | Lair:1   | HP: 1/84 [poisoned by a spiny frog]
 11579 | Lair:1   | HP: 1/84 [poisoned by a spiny frog]
 12138 | Lair:1   | Noticed a komodo dragon
 12190 | Lair:1   | Killed a komodo dragon
 12194 | Lair:1   | HP: 4/84 [poisoned by a water moccasin]
 12200 | Lair:1   | HP: 4/84 [poisoned by a water moccasin]
 12208 | Lair:1   | HP: 4/84 [poisoned by a water moccasin]
 12221 | Lair:1   | Slain by a crocodile

Levels and vault maps discovered:
D:1:      minmay_arrival_five_plusses, layout_rooms
D:2:      layout_loops_ring, chequers_ecumenical_altar_twisty, first_ration,
          nicolae_dithmenos_shadow_blocks
D:3:      layout_basic, old_standard_altar, marbit_many_paths,
          lemuel_round_altar, gammafunk_ghost_gnarly_gnolls, uniq_ijyb
D:4:      layout_gridville
D:5:      kennysheep_slugbush, layout_gridville
D:6:      layout_basic, grunt_gozag_statues, overflow_temple_1_default,
          temple_hall
D:7:      layout_loops_ring, brannock_xom_greatest_gift, uniq_crazy_yiuf_cottage
D:8:      layout_basic, grunt_lair_entry_orc_guard_hut, grunt_pizzeria
D:9:      layout_layer_cave, minitemple, uniq_gastronok
Temple:   nicolae_temple_god_jail
Lair:1:   layout_hall_layers, lemuel_fruit_tree, grunt_megastairs_5,
          lemuel_fruit_fields, uniq_harold

Table legend:
 A = Non-vault XP
 B = Vault XP
 C = Vault XP percentage of total XP
 D = Non-vault monster count
 E = Vault monster count
 F = Vault count percentage of total count
                 A         B        C        D         E       F
            +---------+---------+-------+---------+---------+-------
      Total |    6198 |    1256 |  16.9 |     181 |      19 |   9.5
            +---------+---------+-------+---------+---------+-------
        D:1 |      27 |       0 |   0.0 |      16 |       0 |   0.0
        D:2 |      79 |       0 |   0.0 |      22 |       0 |   0.0
        D:3 |     103 |      37 |  26.4 |      26 |       2 |   7.1
        D:4 |     425 |       0 |   0.0 |      24 |       0 |   0.0
        D:5 |     701 |      32 |   4.4 |      23 |       8 |  25.8
        D:6 |     911 |       0 |   0.0 |      18 |       0 |   0.0
        D:7 |     664 |      39 |   5.5 |      15 |       1 |   6.2
        D:8 |    1656 |     850 |  33.9 |      28 |       6 |  17.6
        D:9 |     175 |       0 |   0.0 |       2 |       0 |   0.0
     Lair:1 |    1457 |     298 |  17.0 |       7 |       2 |  22.2
            +---------+---------+-------+---------+---------+-------
